 Dungeon Crawl Stone Soup version 0.30-a0-743-gbfdf073431 (webtiles) character file.

Game seed: 5025199177639408492

10 cforsyth the Caller (level 2, 0/15 HPs)
             Began as a Tengu Summoner on Feb 8, 2023.
             Killed from afar by a dart slug (5 damage)
             ... with a slug dart
             ... on level 1 of the Dungeon.
             The game lasted 00:01:41 (206 turns).

cforsyth the Caller (Tengu Summoner)                 Turns: 206, Time: 00:01:41

Health: 0/15       AC:  2    Str:  8    XL:     2   Next: 20%
Magic:  4/6        EV: 12    Int: 15    God:
Gold:   17         SH:  0    Dex: 14    Spells: 4/5 levels left

rFire   . . .      SeeInvis .    (no weapon)
rCold   . . .      Faith    .    (no shield)
rNeg    . . .      Spirit   .    a - +0 robe
rPois   .          Reflect  .    e - +0 hat
rElec   .          Harm     .    (no cloak)
rCorr   .          Rampage  .    (no gloves)
Will    .....                    (boots unavailable)
Stlth   ++                       (no amulet)
HPRegen 0.22/turn                (no ring)
MPRegen 0.10/turn                (no ring)

@: no status effects
A: beak, talons 3
a: no special abilities


You were on level 1 of the Dungeon.
You visited 1 branch of the dungeon, and saw 1 of its levels.

You collected 17 gold pieces.

Inventory:

Armour
 a - a +0 robe (worn)
 e - a +0 hat (worn)
Scrolls
 c - a scroll of identify {unknown}
 g - a scroll of silence {unknown}
Potions
 b - a potion of magic
 d - a potion of flight {unknown}
 f - a potion of haste {unknown}


   Skills:
 - Level 2.1 Dodging
 - Level 2.0 Stealth
 + Level 2.3 Spellcasting
 + Level 5.1 Summonings


You had 4 spell levels left.
You knew the following spells:

 Your Spells              Type           Power      Damage    Failure   Level
a - Summon Small Mammal   Summ           68%        N/A       2%          1

Your spell library contained the following spells:

 Spells                   Type           Power      Damage    Failure   Level
 Call Imp                 Summ           17%        N/A       3%          2
 Call Canine Familiar     Summ           17%        N/A       8%          3
 Summon Guardian Golem    Hex/Summ       9%         N/A       22%         3
 Summon Lightning Spire   Summ/Air       9%         N/A       58%         4


Dungeon Overview and Level Annotations

Branches:
Dungeon (1/15)

Altars:


Innate Abilities, Weirdness & Mutations

You have a beak for a mouth.
You have claws for feet.


Message History

The bat is moderately wounded.
The bat hits you but does no damage.
Your bat misses the bat. You barely miss the bat.
You claw the bat, but do no damage.
The bat is moderately wounded.
The bat closely misses you.
Your bat barely misses the bat.
The bat barely misses you. The dart slug closely misses you.
You hit the dart slug but do no damage.
The dart slug is moderately wounded.
The bat hits you.
Your bat misses the bat. You hit the dart slug but do no damage.
You claw the dart slug, but do no damage.
The dart slug is moderately wounded.
Your bat disappears in a puff of smoke!
The bat closely misses you. The bat hits you.
The dart slug launches a dart at you. The slug dart hits you.
Casting: Summon Small Mammal (safe; 2% risk of failure)
Confirm with . or Enter, or press ? or * to list all spells.
You don't know that spell.
Unknown command.
Unknown command.
Casting: Summon Small Mammal (safe; 2% risk of failure)
Confirm with . or Enter, or press ? or * to list all spells.
The bat hits you but does no damage. The dart slug launches a dart at you.
The slug dart misses you.
Casting: Summon Small Mammal (safe; 2% risk of failure)
Confirm with . or Enter, or press ? or * to list all spells.
The bat hits you but does no damage.
Your bat hits the dart slug but does no damage.
The bat hits you.
Your bat closely misses the bat.
You hit the dart slug.
You peck the dart slug, but do no damage.
The dart slug is heavily wounded.
The bat misses you.
Your bat hits the dart slug. The bat closely misses your bat.
Your bat barely misses the bat.
The dart slug launches a dart at you. The slug dart hits you.
You die...

#.....................>#
#...............###....###
#...............###......####.#
.............................(..#
......####....(#............####
..##.. ####..>#..........#.## .
#.. #.................# .# #.
#......rb.b.......#..# ..
.........w@...).......#
.##............##..####
..................##
....................#
...###..............#### ##
#..########)......# #...
#..###...### #..# #)## ##....# ##
#.########.##


You could see a dart slug (ally target), a bat, a friendly bat (summoned) and a
friendly rat (summoned).

Vanquished Creatures
  A hobgoblin (D:1)
  A kobold (D:1)
  A ball python (D:1)
3 creatures vanquished.

Vanquished Creatures (collateral kills)
  An endoplasm (D:1)
  A hobgoblin (D:1)
  A ball python (D:1)
  2 kobolds (D:1)
  A rat (D:1)
6 creatures vanquished.

Vanquished Creatures (others)
  A bat (D:1)
1 creature vanquished.

Grand Total: 10 creatures vanquished

Notes
Turn   | Place    | Note
-------+----------+-------------------------------------------
     0 | D:1      | cforsyth the Tengu Summoner began the quest for the Orb.
     0 | D:1      | Reached XP level 1. HP: 10/10 MP: 4/4
    39 | D:1      | Reached skill level 5 in Summonings
   105 | D:1      | Reached XP level 2. HP: 15/15 MP: 3/6
   206 | D:1      | Killed from afar by a dart slug

Illustrated notes

Levels and vault maps discovered:
D:1:      dpeg_arrival_shrine, layout_rooms, chequers_serial_rivers_large_a

Skill      XL: |  1 |
---------------+----+-----
Summonings     | 5 |  5.1
Dodging        | |  2.1
Stealth        | |  2.0
Spellcasting   | |  2.3

Action                     || total
---------------------------++-------
  Melee: Unarmed           ||    16
         Peck              ||     5
         Kick              ||     4
   Cast: Summon Small Mamm ||    13
 Armour: Robe              ||    11
  Dodge: Dodged            ||    39

Table legend: (Time is in decaauts)
 A = Elapsed time spent in this place.
 B = Non-inter-level travel time spent in this place.
 C = Inter-level travel time spent in this place.
 D = Time resting spent in this place.
 E = Time spent auto-exploring this place.
 F = Levels seen in this place.
 G = Mean time per level.
                   A        B        C        D        E       F      G
               +--------+--------+--------+--------+--------+-----+--------+
         Total |    206 |    206 |      0 |      0 |     94 |   1 |  206.0 |
       Dungeon |    206 |    206 |      0 |      0 |     94 |   1 |  206.0 |
               +--------+--------+--------+--------+--------+-----+--------+

Top non-repeatable levels by time:
     D:1: 206 daAuts
